 Dungeon Crawl Stone Soup version 0.29-a0-885-gb26ba3297d (webtiles) character file.

Game seed: 8012214259613432363

53 mathmaestro the Grave Robber (level 3, -2/26 HPs)
             Began as a Demonspawn Necromancer on July 20, 2022.
             Slain by Jessica
             ... wielding a +0 dagger
              (4 damage)
             ... on level 2 of the Dungeon.
             The game lasted 00:02:54 (1817 turns).

mathmaestro the Grave Robber (DsNe)                 Turns: 1817, Time: 00:02:55

Health: -2/26      AC:  3    Str:  8    XL:     3   Next: 62%
Magic:  0/6        EV: 11    Int: 18    God:
Gold:   76         SH:  0    Dex: 13    Spells: 6/7 levels left

rFire   . . .      SeeInvis +   c - +0 dagger
rCold   . . .      Faith    .   (no shield)
rNeg    . . .      Spirit   .   g - +0 leather armour
rPois   .          Reflect  .   (no helmet)
rElec   .          Harm     .   (no cloak)
rCorr   .          Rampage  .   (no gloves)
Will    .....                   (no boots)
Stlth   ++........              (no amulet)
HPRegen 0.08/turn               a - ring of see invisible
MPRegen 0.10/turn               (no ring)

@: no status effects
A: hooves 2
a: no special abilities


You were on level 2 of the Dungeon.
You visited 1 branch of the dungeon, and saw 2 of its levels.

You collected 76 gold pieces.

Inventory:

Hand Weapons
 c - a +0 dagger (weapon)
Armour
 g - a +0 leather armour (worn)
Jewellery
 a - a ring of see invisible (left hand)
Scrolls
 f - a scroll of acquirement {unknown}
Potions
 b - a potion of magic
 d - a potion of curing {unknown}
 e - 2 potions of degeneration {unknown}


   Skills:
 + Level 1.4 Fighting
 + Level 0.3 Armour
 - Level 2.0 Dodging
 - Level 2.0 Stealth
 + Level 2.6 Spellcasting
 + Level 4.8 Necromancy


You had 6 spell levels left.
You knew the following spells:

 Your Spells              Type           Power      Damage    Failure   Level
a - Necrotise             Necr           76%        1d7       3%          1

Your spell library contained the following spells:

 Spells                   Type           Power      Damage    Failure   Level
 Vampiric Draining        Necr           19%        2d7       10%         3
 Animate Dead             Necr           19%        N/A       32%         4
 Agony                    Necr           19%        N/A       65%         5


Dungeon Overview and Level Annotations

Branches:
Dungeon (2/15)

Altars:

Annotations:
D:2 Jessica


Innate Abilities, Weirdness & Mutations

You have hoof-like feet.


Message History

Aim: Jessica, wielding a +0 dagger and wearing a +0 robe (chance to affect: 84%) Jessica writhes in agony.
Jessica misses you.
Casting: Necrotise (safe; 3% risk of failure)
Confirm with . or Enter, or press ? or * to list all spells.
Aiming: Necrotise (safe; 3% risk of failure)
Press: ? - help, Shift-Dir - straight line, f/p - Jessica
Aim: Jessica, wielding a +0 dagger and wearing a +0 robe (heavily wounded, chance to affect: 84%) Jessica writhes in agony.
Jessica hits you with a +0 dagger.
Casting: Necrotise (safe; 3% risk of failure)
Confirm with . or Enter, or press ? or * to list all spells.
Aiming: Necrotise (safe; 3% risk of failure)
Press: ? - help, Shift-Dir - straight line, f/p - Jessica
Aim: Jessica, wielding a +0 dagger and wearing a +0 robe (severely wounded, chance to affect: 84%) Jessica barely resists.
Jessica casts a spell at you. Pain shoots through your body!
* * * LOW HITPOINT WARNING * * *
Casting: Necrotise (safe; 3% risk of failure)
Confirm with . or Enter, or press ? or * to list all spells.
Aiming: Necrotise (safe; 3% risk of failure)
Press: ? - help, Shift-Dir - straight line, f/p - Jessica
Aim: Jessica, wielding a +0 dagger and wearing a +0 robe (severely wounded, chance to affect: 84%) Jessica barely resists.
Jessica casts a spell.
Jessica blinks!
Casting: Necrotise (safe; 3% risk of failure)
Confirm with . or Enter, or press ? or * to list all spells.
Aiming: Necrotise (safe; 3% risk of failure)
Press: ? - help, Shift-Dir - straight line, f/p - Jessica
Aim: Jessica, wielding a +0 dagger and wearing a +0 robe (severely wounded, chance to affect: 84%) Jessica barely resists.
Jessica hits you with a +0 dagger.
* * * LOW HITPOINT WARNING * * *
Unknown command.
Casting: Necrotise (safe; 3% risk of failure)
Confirm with . or Enter, or press ? or * to list all spells.
Aiming: Necrotise (safe; 3% risk of failure)
Press: ? - help, Shift-Dir - straight line, f/p - Jessica
Aim: Jessica, wielding a +0 dagger and wearing a +0 robe (severely wounded, chance to affect: 84%) Jessica barely resists.
Jessica hits you with a +0 dagger.
You die...

.#...# #..........##
.#...###.#.......##
.........#......## ##
.........##....## ..##
[.............## ....#
.#.........#### #...##
...........# ####.....#
###....##..####.#.......
#....#####.#.@@ยง......
##....# #..............
##.>...###.#.#..........
...>.......####.#.......
.#..........# ####.....#
.............# #...##
#........>.### ....#
...........# ...##
...........#


You could see Jessica.

Vanquished Creatures
  An adder (D:2)
  3 dart slugs
  4 ball pythons (D:1)
  A bat zombie (D:2)
  4 endoplasms
  3 giant cockroaches
  4 goblins (D:1)
  3 kobolds
  A quokka (D:1)
  5 bats
  2 frilled lizards (D:1)
  A giant cockroach zombie (D:2)
  3 rats (D:1)
35 creatures vanquished.

Vanquished Creatures (collateral kills)
  A frilled lizard (D:1)
1 creature vanquished.

Grand Total: 36 creatures vanquished

Notes
Turn   | Place    | Note
-------+----------+-------------------------------------------
     0 | D:1      | mathmaestro the Demonspawn Necromancer began the quest for
                  | the Orb.
     0 | D:1      | Reached XP level 1. HP: 13/13 MP: 3/3
   310 | D:1      | Gained mutation: You have large cloven feet. [demonic
                  | ancestry]
   310 | D:1      | Reached XP level 2. HP: 16/20 MP: 0/5
   810 | D:1      | Reached skill level 1 in Fighting
  1086 | D:1      | Gained mutation: You have hoof-like feet. [demonic
                  | ancestry]
  1086 | D:1      | Reached XP level 3. HP: 25/26 MP: 1/6
  1804 | D:2      | Noticed Jessica
  1817 | D:2      | Slain by Jessica

Illustrated notes

Levels and vault maps discovered:
D:1:      dpeg_arrival_tiny_i, layout_loops_corners, chequers_mini_garden
D:2:      layout_rooms, serial_undead, serial_undead_c, serial_undead_b,
          serial_undead_e, serial_undead_f, serial_undead_e, serial_undead_a,
          hellmonk_ecumenical_altar_crossroads, nicolae_figureground_sparkle,
          uniq_jessica

Skill      XL: |  1  2 |
---------------+-------+-----
Stealth        | 2 |  2.0
Dodging        | 2 |  2.0
Fighting       | 1 |  1.4
Armour         | |  0.3
Spellcasting   | |  2.6
Necromancy     | |  4.8

Action                   || total
-------------------------++-------
Melee: Dagger            ||    59
       Unarmed           ||     1
       Kick              ||    17
 Cast: Necrotise         ||    37
 Stab: Sleeping          ||     1
Armor: Robe              ||     7
       Leather armour    ||    22
Dodge: Dodged            ||    39

Table legend: (Time is in decaauts)
 A = Elapsed time spent in this place.
 B = Non-inter-level travel time spent in this place.
 C = Inter-level travel time spent in this place.
 D = Time resting spent in this place.
 E = Time spent auto-exploring this place.
 F = Levels seen in this place.
 G = Mean time per level.
                   A        B        C        D        E       F      G
               +--------+--------+--------+--------+--------+-----+--------+
         Total |   1815 |   1810 |      5 |    403 |   1139 |   2 |  907.5 |
       Dungeon |   1815 |   1810 |      5 |    403 |   1139 |   2 |  907.5 |
               +--------+--------+--------+--------+--------+-----+--------+

Top non-repeatable levels by time:
     D:1: 1410 daAuts
     D:2: 405 daAuts
